Map: Acropolis LE

Players

Crytrenk

  • Race: Zerg Zerg
  • League: Master
  • Spawn Location: 5:00

Mez - Winner!

  • Race: Terran Terran
  • League: Master
  • Spawn Location: 11:00

VOD

Have the link to the VOD?

Description

Time

  • Played on: Aug. 11, 2019, 7:45 a.m.
  • Length: 14:13
Show
View Real Time Build Order
Export as new Build Order

Crytrenk Zerg 

Build Orders: Hatch First 

Get SALT Encoding   

  12  0:00  Drone  
  13  0:12  Overlord  
  13  0:19  Drone  
  14  0:32  Drone x2  
  14  0:34  Drone  
  17  0:53  Hatchery  
  17  0:54  Drone  
  17  0:57  Drone  
  18  1:08  Extractor  
  17  1:13  Spawning Pool  
  17  1:15  Drone  
  17  1:18  Drone  
  18  1:28  Drone  
  19  1:40  Overlord  
  19  1:51  Drone  
  20  2:01  Queen  
  20  2:02  Zergling x2  
  20  2:04  Queen  
  20  2:05  Zergling x2  
  26  2:09  Metabolic Boost  
  26  2:11  Drone  
  27  2:17  Drone  
  27  2:39  Drone x3, Extractor  
  29  2:46  Roach Warren  
  29  2:50  Overlord  
  28  2:52  Drone x2  
  28  2:57  Drone  
  31  3:06  Drone x2  
  31  3:10  Overlord  
  33  3:27  Roach x4  
  37  3:30  Roach  
  37  3:31  Zergling x2  
  44  3:38  Zergling x2  
  44  3:39  Zergling x2  
  46  3:43  Overlord  
  46  3:46  Zergling x2  
  46  3:47  Zergling x8  
  51  3:54  Zergling x2  
  52  4:02  Overlord  
  52  4:03  Zergling x4  
  54  4:11  Zergling x4  
  56  4:18  Overlord  
  56  4:21  Zergling x10  
  51  4:49  Zergling x20  
  50  5:07  Zergling x8  
  48  5:21  Drone x5  
  48  5:24  Hatchery  
  47  5:35  Drone x5  
  41  5:39  Spore Crawler  
  41  5:40  Spore Crawler  
  41  5:41  Queen x2  
  47  5:43  Spore Crawler  
  47  5:47  Drone x2  
  48  5:58  Drone  
  48  5:59  Drone x3  
  48  6:03  Spore Crawler  
  51  6:05  Spore Crawler  
  50  6:17  Drone, Extractor  
  50  6:18  Lair  
  48  6:26  Drone, Extractor  
  48  6:27  Drone x8  
  54  6:39  Queen  
  56  6:54  Drone x10  
  57  6:59  Overlord x2, Evolution Chamber  
  65  7:01  Evolution Chamber  
  65  7:02  Extractor  
  65  7:06  Drone x3  
  66  7:10  Extractor  
  65  7:16  Queen  
  65  7:18  Overlord x2  
  65  7:20  Drone x3  
  70  7:23  Drone  
  70  7:27  Zerg Ground Armor Level 1  
  70  7:28  Infestation Pit  
  70  7:29  Overseer  
  70  7:35  Drone x3, Baneling Nest  
  70  7:36  Extractor  
  71  7:41  Drone  
  71  7:42  Drone x4  
  76  7:44  Overseer  
  76  7:55  Zerg Melee Weapons Level 1  
  76  7:57  Hydralisk Den  
  77  7:58  Drone  
  77  8:02  Overlord x2  
  75  8:09  Drone  
  75  8:10  Drone x3  
  79  8:15  Overlord x3  
  79  8:18  Zergling x2  
  80  8:20  Hatchery  
  80  8:23  Queen  
  80  8:26  Zergling x10  
  86  8:36  Grooved Spines, Hydralisk  
  86  8:37  Hydralisk x4  
  96  8:49  Zergling x2  
  96  8:50  Zergling x10  
  101  9:00  Centrifical Hooks  
  101  9:09  Infestation Pit  
  100  9:13  Hydralisk  
  100  9:14  Hydralisk x4, Roach x3  
  100  9:15  Roach  
  118  9:23  Zerg Ground Armor Level 2  
  118  9:33  Hydralisk  
  118  9:36  Overlord x4  
  118  9:38  Overseer  
  120  9:47  Muscular Augments  
  120  9:49  Zerg Melee Weapons Level 2  
  120  9:51  Hive  
  120  9:54  Queen  
  122  10:00  Hydralisk x10  
  141  10:23  Hydralisk  
  141  10:25  Overlord x2  
  141  10:26  Overlord x2  
  143  10:43  Overlord  
  143  10:47  Zergling x2  
  143  10:48  Zergling x22  
  154  10:54  Hydralisk x2  
  154  10:55  Zergling x4  
  158  11:09  Hydralisk x4  
  158  11:10  Zergling x18  
  175  11:19  Overlord x3, Ultralisk Cavern  
  175  11:20  Spire  
  173  11:28  Adrenal Glands  
  173  11:31  Drone x2  
  174  11:44  Overlord x2  
  171  11:49  Hatchery  
  170  11:56  Zergling x8, Hydralisk x8  
  170  11:57  Zergling x8  
  194  12:02  Baneling x13  
  194  12:03  Baneling x3  
  167  12:20  Zergling x32  
  167  12:35  Hydralisk x2  
  167  12:36  Zergling x8, Hydralisk x2  
  152  12:49  Chitinous Plating  
  152  12:50  Greater Spire  
  139  12:51  Drone x3  
  139  12:52  Drone x3  
  143  13:06  Baneling  
  143  13:07  Baneling x14  
  139  13:14  Zergling x2, Hydralisk  
  139  13:15  Zergling x6  
  127  13:27  Hydralisk  
  127  13:28  Zergling x2  
  127  13:29  Ultralisk  
  127  13:33  Ultralisk  
Show
View Real Time Build Order
Export as new Build Order

Mez Terran - Winner!

Build Orders: Reaper Expand, Banshee Rush 

Get SALT Encoding   

  12  0:00  SCV  
  13  0:12  SCV  
  14  0:17  Supply Depot  
  14  0:25  SCV  
  15  0:38  SCV  
  15  0:40  Barracks  
  16  0:45  Refinery  
  16  0:50  SCV  
  17  1:03  SCV  
  18  1:15  SCV  
  19  1:28  Orbital Command  
  19  1:29  Reaper  
  20  1:41  Command Center  
  20  1:49  Supply Depot  
  20  1:56  SCV  
  21  2:01  Marine  
  21  2:08  SCV  
  23  2:14  Factory  
  23  2:16  Refinery  
  23  2:20  SCV  
  24  2:24  Barracks Reactor  
  24  2:37  Engineering Bay  
  24  2:41  SCV  
  25  2:54  Orbital Command  
  25  2:55  SCV  
  26  3:06  Starport  
  26  3:07  SCV  
  26  3:12  Hellion x2  
  31  3:13  Barracks Tech Lab  
  31  3:21  SCV  
  31  3:22  SCV  
  33  3:33  Hellion, SCV  
  33  3:34  SCV, Supply Depot  
  37  3:35  Hellion  
  39  3:45  SCV  
  40  3:50  SCV  
  41  3:57  SCV  
  41  3:58  Bunker, Banshee, Supply Depot  
  41  3:59  Cloaking Field  
  41  4:02  Marine  
  46  4:06  Factory Tech Lab  
  46  4:09  SCV x2  
  48  4:13  Marine  
  47  4:30  Supply Depot  
  47  4:31  Supply Depot  
  46  4:35  Siege Tank  
  46  4:36  Marine x2  
  42  4:48  SCV x2  
  42  4:57  Marine x2  
  42  4:58  Banshee  
  46  5:00  SCV x2  
  38  5:15  Siege Tank  
  38  5:17  SCV x2  
  43  5:22  Marine x2  
  43  5:29  SCV x2  
  41  5:40  Marine x2  
  41  5:41  SCV x2, Banshee  
  48  5:47  Supply Depot  
  48  5:52  Siege Tank  
  48  5:55  SCV x2  
  53  5:57  Marine  
  53  5:58  Marine  
  55  6:07  SCV  
  55  6:08  SCV  
  57  6:12  Command Center  
  57  6:19  SCV  
  56  6:31  Marine  
  56  6:33  SCV, Barracks, Factory Reactor  
  56  6:35  Barracks  
  56  6:36  Engineering Bay  
  56  6:38  Engineering Bay  
  57  6:40  SCV  
  57  6:42  Refinery  
  57  6:45  Refinery, SCV  
  59  6:48  Starport Reactor  
  59  6:55  SCV  
  59  6:57  SCV, Marine  
  62  7:07  SCV  
  63  7:09  SCV  
  63  7:15  Marine  
  65  7:18  Terran Infantry Weapons Level 1  
  65  7:19  Terran Infantry Armor Level 1, SCV  
  66  7:23  Marine x2, Barracks  
  66  7:24  Barracks  
  68  7:31  SCV  
  68  7:32  Marine x2  
  68  7:33  Marine  
  68  7:37  Stimpack  
  72  7:41  Marine x2  
  72  7:42  SCV  
  72  7:44  Orbital Command  
  75  7:49  Supply Depot x2  
  75  7:51  Medivac  
  77  7:55  SCV  
  73  8:05  SCV, Orbital Command  
  73  8:07  SCV  
  73  8:09  Marine x3  
  73  8:10  Marine  
  73  8:12  Siege Tank  
  82  8:19  Supply Depot  
  82  8:23  Barracks Reactor x2, Marine  
  82  8:24  Medivac  
  82  8:26  SCV  
  86  8:27  SCV, Marine  
  86  8:29  Supply Depot  
  86  8:30  Supply Depot  
  87  8:38  SCV x2, Marine x3  
  87  8:39  SCV  
  87  8:41  Marine  
  93  8:45  Marine  
  95  8:50  Armory  
  95  8:55  Siege Tank  
  95  8:56  Marine x2, Medivac x2  
  95  8:57  SCV  
  105  9:07  SCV x2  
  107  9:10  Marine x3  
  107  9:11  Marine  
  107  9:12  Supply Depot  
  107  9:13  Supply Depot x2  
  111  9:24  Marine x5  
  111  9:25  SCV  
  111  9:27  SCV, Marine  
  111  9:28  SCV, Marine x2  
  122  9:37  Combat Shield  
  122  9:40  Marine  
  122  9:42  SCV x2, Marine x3  
  128  9:48  Marine x4  
  128  9:49  Marine  
  128  9:50  Siege Tank  
  128  9:52  Terran Infantry Weapons Level 2  
  136  9:53  Factory  
  136  9:55  Terran Infantry Armor Level 2  
  136  9:58  Marine  
  136  9:59  SCV x3, Supply Depot  
  140  10:04  Supply Depot  
  140  10:07  Marine x5  
  140  10:09  Medivac  
  140  10:10  Medivac  
  140  10:11  SCV  
  140  10:13  Terran Vehicle Weapons Level 1  
  147  10:27  Marine x5  
  147  10:28  Siege Tank, Marine x4  
  156  10:32  Supply Depot  
  156  10:33  Supply Depot  
  156  10:35  Refinery  
  159  10:36  Refinery  
  158  10:43  Factory Tech Lab  
  158  10:45  Marine x3  
  160  10:59  Marine x6  
  160  11:00  Siege Tank, Medivac x2  
  160  11:03  Marine  
  173  11:08  Siege Tank, Marine  
  177  11:13  Supply Depot  
  177  11:14  Supply Depot  
  177  11:15  Command Center  
  177  11:28  Marine x9  
  177  11:31  Medivac  
  188  11:34  Medivac  
  190  11:45  Marine  
  190  11:49  Marine x8  
  198  12:00  Barracks  
  198  12:01  Barracks  
  198  12:02  Barracks  
  198  12:03  Marine  
  198  12:06  Marine  
  196  12:10  Marine  
  197  12:18  Marine x3  
  200  12:26  Marine x2  
  200  12:28  Siege Tank x2  
  175  12:38  Marine  
  175  12:39  Marine x6  
  175  12:44  Marine x2  
  177  12:50  Barracks Tech Lab x2  
  179  12:51  Barracks Reactor  
  179  12:56  Marine x4  
  179  12:57  Marine, Medivac x2  
  188  13:04  Marine  
  188  13:05  Siege Tank x2  
  191  13:22  Marine  
  191  13:23  Marine x10  
  195  13:27  Medivac x2  
  199  13:40  Marine  
  197  13:49  Marine x2  
  197  13:50  Marine  
Tags
 
Add a new tag
Caveats
  • Supply blocks, unpowered buildings, or Contaminate may cause inaccurate times.
  • Supply counts are checked every 10 seconds.